 Dungeon Crawl Stone Soup version 0.31.0-11-ge490571c62 (webtiles) character file.

Game seed: 1563288553263793634

480 Arcadio the Trooper (level 7, 0/44 HPs)
             Began as a Gargoyle Gladiator on Feb 1, 2024.
             Was an Initiate of Trog.
             Slain by a gnoll sergeant
             ... wielding a +0 trident of freezing
              (4 damage)
             ... on level 5 of the Dungeon.
             The game lasted 00:05:04 (3975 turns).

Arcadio the Trooper (Gargoyle Gladiator)            Turns: 3975, Time: 00:05:05

Health: 0/44       AC: 10    Str: 25    XL:     7   Next: 12%
Magic:  7/7        EV: 12    Int:  9    God:    Trog [......]
Gold:   310        SH:  0    Dex: 11    Spells: 6/6 levels left

rFire   . . .        a - +1 quarterstaff
rCold   . . .        (shield currently unavailable)
rNeg    + . .        b - +0 leather armour
rPois   ∞            c - +0 helmet
rElec   +            (no cloak)
rCorr   .            A - +0 pair of gloves
SInv    .            (no boots)
Will    .....        (no amulet)
Stlth   +            n - +6 ring of strength
HPRegen 0.27/turn    (no ring)
MPRegen 0.10/turn

%: no passive effects
@: studying Polearms
A: sickness immunity, AC +4, negative energy resistance 1, electricity
resistance, torment resistance 1, petrification resistance
a: Renounce Religion


You were on level 5 of the Dungeon.
You worshipped Trog.
Trog was noncommittal.
You visited 2 branches of the dungeon, and saw 7 of its levels.

You collected 310 gold pieces.

Inventory:

Hand Weapons
 a - a +1 quarterstaff (weapon)
 j - a +0 mace of holy wrath
Missiles
 d - 3 throwing nets (quivered)
 e - a javelin
 v - 3 silver javelins
Armour
 b - a +0 leather armour (worn)
 c - a +0 helmet (worn)
 A - a +0 pair of gloves (worn)
Jewellery
 n - a +6 ring of strength (left hand)
Wands
 u - a wand of paralysis (10)
Scrolls
 f - a scroll of immolation
 h - a scroll of teleportation
 i - 3 scrolls of enchant weapon
 k - a scroll of summoning {unknown}
 l - a scroll of torment {unknown}
 q - 2 scrolls of brand weapon {unknown}
 s - 2 scrolls of vulnerability {unknown}
 t - 2 scrolls of fog {unknown}
 y - a scroll of enchant armour {unknown}
 z - a scroll of fear {unknown}
Potions
 g - 2 potions of curing
 m - a potion of brilliance
 o - 4 potions of heal wounds
 p - a potion of might {unknown}
 r - a potion of degeneration {unknown}
 w - a potion of cancellation {unknown}
 x - a potion of berserk rage {unknown}


   Skills:
 + Level 5.1 Fighting
 + Level 5.1 Staves
 - Level 1.7 Throwing
 + Level 4.2 Armour
 - Level 2.4 Dodging


You had 6 spell levels left.
You didn't know any spells.
Your spell library contained the following spells:

 Spells                   Type           Power      Damage    Failure   Level
 Magic Dart               Conj           0%         1d3       41%         1
 Blink                    Tloc           0%         N/A       56%         2
 Call Imp                 Summ           0%         N/A       56%         2


Dungeon Overview and Level Annotations

Branches:
Dungeon (6/15)             Temple (1/1) D:4

Altars:
Cheibriados
Dithmenos
Elyvilon
Fedhas
Gozag
Hepliaklqana
Kikubaaqudgha
Makhleb
Nemelex Xobeh
Okawaru
Qazlal
Ru
Sif Muna
Trog
Uskayaw
Vehumet
Wu Jian
Xom
Yredelemnul
Zin
The Shining One


Innate Abilities, Weirdness & Mutations

You are immune to sickness and miasma.
Your stone body is resilient. (AC +4)
You are immune to poison.
You resist negative energy. (rN+)
You are resistant to electric shocks. (rElec)
You are resistant to unholy torment.
You are immune to petrification.


Message History

The gnoll closely misses you.
You hit the gnoll sergeant but do no damage.
The gnoll sergeant is lightly wounded.
The gnoll sergeant barely misses you. The gnoll hits you but does no damage.
The gnoll closely misses you.
You hit the gnoll sergeant but do no damage.
The gnoll sergeant is lightly wounded.
The gnoll sergeant hits you but does no damage.
The gnoll hits you with a +0 spear. The gnoll hits you but does no damage.
You completely miss the gnoll sergeant.
The gnoll sergeant is lightly wounded.
The gnoll sergeant hits you with a +0 trident of freezing.
The gnoll sergeant freezes you. The gnoll hits you with a +0 spear.
The gnoll hits you but does no damage. The gnoll sergeant blocks your attack.
The gnoll sergeant is lightly wounded.
The gnoll sergeant closely misses you. The gnoll hits you but does no damage.
The gnoll barely misses you.
You sock the gnoll sergeant!
The gnoll sergeant is moderately wounded.
The gnoll sergeant hits you with a +0 trident of freezing!
The gnoll sergeant freezes you. The gnoll barely misses you.
The gnoll hits you but does no damage.
You hit the gnoll sergeant.
The gnoll sergeant is heavily wounded.
The gnoll sergeant hits you with a +0 trident of freezing.
The gnoll sergeant freezes you. The gnoll hits you with a +0 spear!
The gnoll hits you but does no damage.
You hit the gnoll sergeant but do no damage.
The gnoll sergeant is heavily wounded.
The gnoll sergeant barely misses you. The gnoll closely misses you.
The gnoll hits you from afar with a +0 spear.
The gnoll sergeant hits you from afar with a +0 trident of freezing.
* * * LOW HITPOINT WARNING * * *
The gnoll sergeant freezes you.
* * * LOW HITPOINT WARNING * * *
The gnoll closely misses you.
There is a stone staircase leading down here.
The gnoll sergeant hits you from afar with a +0 trident of freezing.
You die...

#####
###...####
###........##
###...........#
#.............#
#............##
#...........##
##.......g.@#
#.......g.##
##......g##
######..# ##.##
##########..#
#......##..##
##..........#
#...........#


You could see a gnoll sergeant and 2 gnolls.

Vanquished Creatures
  A centaur (D:5)
  A scorpion (D:5)
  A howler monkey (D:5)
  A jelly (D:5)
  An orc priest (D:4)
  An iguana (D:5)
  Ijyb (D:3)
  7 gnolls
  2 adders (D:2)
  A shadow imp (D:5)
  4 dart slugs
  2 ribbon worms
  5 orcs
  9 endoplasms
  A giant cockroach (D:1)
  11 goblins
  8 hobgoblins
  5 jackals
  5 kobolds
  2 quokkas (D:4)
  8 ball pythons
  2 bats
  2 frilled lizards
  4 rats
85 creatures vanquished.

Notes
Turn   | Place    | Note
-------+----------+-------------------------------------------
     0 | D:1      | Arcadio the Gargoyle Gladiator began the quest for the Orb.
     0 | D:1      | Reached XP level 1. HP: 12/12 MP: 1/1
   118 | D:1      | Reached XP level 2. HP: 10/18 MP: 2/2
   135 | D:1      | Reached skill level 1 in Armour
   509 | D:1      | Reached XP level 3. HP: 13/22 MP: 3/3
   631 | D:1      | Found a faded altar of an unknown god.
  1250 | D:2      | Reached XP level 4. HP: 24/28 MP: 4/4
  2108 | D:3      | Noticed Ijyb
  2116 | D:3      | Reached XP level 5. HP: 33/33 MP: 5/5
  2120 | D:3      | Paralysed by Ijyb for 5 turns
  2129 | D:3      | Killed Ijyb
  2455 | D:4      | Found a staircase to the Ecumenical Temple.
  2466 | Temple   | Entered the Ecumenical Temple
  2482 | Temple   | Became a worshipper of Trog the Wrathful
  2996 | D:4      | Found an opulent altar of Gozag.
  2996 | D:4      | Found a sparkling altar of Nemelex Xobeh.
  3228 | D:4      | Found an iron altar of Okawaru.
  3440 | D:5      | Entered Level 5 of the Dungeon
  3448 | D:5      | Reached XP level 6. HP: 35/38 MP: 6/6
  3565 | D:5      | Reached * piety under Trog
  3599 | D:5      | Reached skill level 5 in Fighting
  3599 | D:5      | Reached skill level 5 in Staves
  3599 | D:5      | Reached XP level 7. HP: 27/44 MP: 7/7
  3975 | D:5      | Slain by a gnoll sergeant

Illustrated notes

Levels and vault maps discovered:
D:1:      shiori_arrival_elements, layout_basic,
          hellmonk_ecumenical_altar_prayer_group
D:2:      layout_loops_ring
D:3:      kennysheep_the_goblin_king, layout_basic
D:4:      cheibrodos_old_hovel, layout_basic, mainiacjoe_overflow_boulevard,
          grunt_temple_overflow_opulence, minmay_temple_entry_wispy
D:5:      layout_cave_pods
D:6:      layout_gridville, ebering_ghost_sewer_d, serial_bayou_pond_c,
          uniq_eustachio, uniq_pikel, uniq_maggie
Temple:   regret_index_temple_mists

Skill      XL: |  1  2  3  4  5  6 |
---------------+-------------------+-----
Armour         | 1 2 3 4 |  4.2
Fighting       | 3 4 5 |  5.1
Staves         | 4 5 |  5.1
Throwing       | |  1.7
Dodging        | |  2.4

Action                     |  1- 3 |  4- 6 |  7- 9 || total
---------------------------+-------+-------+-------++-------
  Melee: Quarterstaff      |   105 |   142 |    29 ||   276
    Use: Scroll            |       |     6 |       ||     6
 Armour: Leather armour    |    67 |    83 |    44 ||   194
  Dodge: Dodged            |    78 |    83 |    38 ||   199
